AoeStats
← Reis

Arena

507562952Analyzed
4v4 RM · 14d ago on Sep 18, 2026· 47m 43s· 8 players
Game mode
Random Map
Map size
Large (8 player)
Population
200
Speed
Normal
Resources
Standard
Victory
Conquest
Starting age
Dark Age
Ending age
Imperial Age
RankedLock teamsTeams togetherTeam positionsShared explorationLock speedFull tech treeHidden civsTurbo modeCheats
Victory
Defeat
🇨🇭 Bulgarians · Switzerland
1339
+15
🇬🇧 Lithuanians · United Kingdom
1312
+16
1275
+17
🇩🇪 Japanese · Germany
1257
+18
🇺🇸 Vietnamese · United States
1357
-19
🇸🇪 Ethiopians · Sweden
1316
-17
🇲🇽 Muisca · Mexico
1298
-16
🇸🇪 Franks · Sweden
1256
-14
ChefboyRV
11:06 Feudal Age
14:55 Castle Age
13:01 Double-Bit Axe
13:09 Horse Collar
14:52 Wheelbarrow
15:50 Heavy Plow
23:09 Bow Saw
25:05 Hand Cart
25:41 Loom
27:05 Squires
30:08 Imperial Age
27:45 Gold Mining
28:40 Forging
28:31 Scale Mail Armor
28:39 Treadmill Crane
29:10 Stone Mining
30:19 Chain Mail Armor
30:40 Iron Casting
30:22 Elite Fire Lancer
31:50 Plate Mail Armor
33:07 Paper Money
33:55 Chemistry
33:00 Arson
34:14 Chatras
33:46 Pikeman
35:10 Stone Shaft Mining
35:54 Hoardings
35:04 Halberdier
36:21 Crop Rotation
35:44 Town Watch
36:34 Caravan
36:30 Fletching
37:04 Ballistics
36:50 Siege Engineers
38:33 Two-Man Saw
37:31 Bodkin Arrow
39:42 Town Patrol
41:29 Fortified Wall
41:18 Murder Holes
45:15 Bracer
46:47 Elite Rattan Archer
48:19 Thumb Ring
DaniwA
10:10 Feudal Age
14:08 Castle Age
13:15 Double-Bit Axe
13:11 Horse Collar
15:12 Bow Saw
14:57 Loom
23:22 Fletching
24:51 Bodkin Arrow
26:28 Padded Archer Armor
27:54 Leather Archer Armor
Stockholm
10:29 Feudal Age
16:08 Castle Age
17:29 Double-Bit Axe
19:12 Scale Barding Armor
19:26 Gold Mining
23:49 Bow Saw
26:41 Wheelbarrow
28:07 Chain Barding Armor
27:58 Forging
28:47 Hand Cart
33:20 Imperial Age
30:53 Stone Mining
31:50 Iron Casting
31:42 Loom
31:22 Light Cavalry
34:03 Cavalier
36:43 Murder Holes
38:10 Fletching
38:56 Plate Barding Armor
39:22 Blast Furnace
38:18 Paladin
39:00 Husbandry
39:46 Paladin
40:30 Bodkin Arrow
HK | Jai Guru Deva
9:24 Feudal Age
9:46 Loom
10:04 Horse Collar
10:09 Double-Bit Axe
11:05 Champi Runner
22:19 Wheelbarrow
24:12 Castle Age
22:14 Scale Mail Armor
24:55 Gold Mining
31:53 Imperial Age
32:45 Padded Archer Armor
32:36 Fletching
33:25 Forging
37:48 Bow Saw
37:41 Heavy Plow
38:31 Conscription
38:15 Elite Guecha Warrior
38:26 Elite Temple Guard
39:08 Squires
39:23 Chain Mail Armor
40:28 Capped Ram
42:22 Plate Mail Armor
45:12 Champi Warrior
jeffarin_bobzos
9:54 Feudal Age
14:01 Castle Age
11:50 Horse Collar
12:04 Double-Bit Axe
12:40 Gold Mining
14:45 Heavy Plow
14:58 Bow Saw
15:30 Loom
18:30 Wheelbarrow
22:26 Hand Cart
25:09 Sanctity
26:36 Stone Mining
29:50 Imperial Age
27:42 Scale Barding Armor
27:20 Treadmill Crane
28:01 Ballistics
28:27 Stone Shaft Mining
28:12 Husbandry
28:22 Bloodlines
30:30 Chain Barding Armor
30:21 Forging
30:23 Masonry
30:52 Conscription
29:57 Elite Leitis
31:59 Plate Barding Armor
32:00 Iron Casting
32:46 Two-Man Saw
32:19 Crop Rotation
35:59 Chemistry
35:30 Architecture
34:52 Fletching
35:48 Hoardings
35:53 Caravan
36:23 Coinage
36:04 Guilds
36:50 Bodkin Arrow
37:23 Murder Holes
37:40 Fortified Wall
40:10 Banking
40:29 Bombard Tower
46:34 Bracer
Agent
11:03 Feudal Age
10:25 Loom
19:54 Double-Bit Axe
24:47 Castle Age
22:53 Double-Bit Axe
26:57 Wheelbarrow
26:39 Bow Saw
34:51 Fortified Wall
38:40 Horse Collar
40:54 Hand Cart
41:28 Crossbowman
42:16 Thumb Ring
44:53 Imperial Age
42:53 Gold Mining
43:19 Fletching
43:30 Padded Archer Armor
45:37 Arbalester
Reis
10:12 Feudal Age
14:26 Castle Age
13:40 Loom
14:08 Scale Barding Armor
13:54 Fletching
19:54 Bodkin Arrow
35:23 Wheelbarrow
35:25 Horse Collar
36:20 Double-Bit Axe
38:00 Bow Saw
38:26 Heavy Plow
40:19 Hand Cart
40:05 Gold Mining
44:05 Imperial Age
42:10 Forging
42:00 Scale Mail Armor
43:17 Iron Casting
43:43 Chain Mail Armor
43:17 Gambesons
43:33 Squires
43:18 Arson
45:19 Conscription
46:04 Blast Furnace
45:35 Plate Mail Armor
45:46 Bagains
45:11 Capped Ram
46:03 Siege Ram
IchBinNedDerDracheVerdammteAggsd
10:02 Feudal Age
8:49 Loom
13:51 Castle Age
11:40 Double-Bit Axe
11:47 Horse Collar
15:49 Forging
16:23 Bloodlines
16:33 Gold Mining
19:17 Wheelbarrow
21:02 Scale Barding Armor
25:59 Bow Saw
34:17 Hand Cart
39:45 Imperial Age
37:01 Town Watch
37:42 Heavy Plow
38:36 Stone Mining
40:06 Fortified Wall
40:09 Masonry
41:49 Chemistry
41:14 Siege Engineers
42:16 Ironclad
42:17 Conscription
41:48 Heavy Scorpion
42:00 Heavy Scorpion
43:52 Ballistics
46:19 Iron Casting
45:45 Scale Mail Armor
45:10 Elite Teutonic Knight
Connection lost

Rejoining the realm…

Still unreachable

The connection could not be restored.

Session expired

The server has moved on; the page needs a fresh start.